Map: Dusty Gorge

Players

Massa

  • Race: Terran Terran
  • League: Gold
  • Spawn Location: 5:00

qqq

  • Race: Zerg Zerg
  • League: Platinum
  • Spawn Location: 3:00

wazzdaka

  • Race: Terran Terran
  • League: Gold
  • Spawn Location: 9:00

Chocopie

  • Race: Protoss Protoss
  • League: Master
  • Spawn Location: 11:00

VOD

Have the link to the VOD?

Description

Time

  • Played on: May 6, 2020, 11:50 a.m.
  • Length: 2:49
Show
View Real Time Build Order
Export as new Build Order

Massa Terran 

Build Orders:  

Get SALT Encoding   

  12  0:12  Supply Depot  
  12  0:13  SCV  
  13  0:25  SCV  
  14  0:35  Barracks  
  14  0:38  SCV  
  15  0:50  SCV  
  16  1:02  SCV  
  16  1:04  Supply Depot  
  17  1:14  SCV  
  18  1:23  Barracks  
  18  1:26  SCV  
  18  1:27  Barracks  
  18  1:31  Marine  
  20  1:38  Refinery  
  20  1:49  Marine  
  21  1:57  Orbital Command  
  21  2:07  Marine  
  22  2:15  Barracks  
  22  2:16  Marine x2  
  24  2:23  SCV  
  24  2:24  Marine  
Show
View Real Time Build Order
Export as new Build Order

qqq Zerg 

Build Orders: Hatch First 

Get SALT Encoding   

  12  0:03  Drone  
  13  0:14  Drone  
  14  0:43  Hatchery  
  13  0:53  Spawning Pool  
  12  1:00  Drone  
  12  1:03  Extractor  
  12  1:11  Overlord  
  12  1:13  Drone  
  13  1:18  Drone  
  14  1:29  Drone  
  15  1:37  Drone  
  16  1:44  Zergling x2  
  17  2:05  Zergling x2  
  18  2:13  Spine Crawler  
  17  2:30  Zergling x6  
Show
View Real Time Build Order
Export as new Build Order

wazzdaka Terran 

Build Orders: Command Center First (CC) 

Get SALT Encoding   

  12  0:00  SCV  
  13  0:13  SCV  
  14  0:24  Supply Depot  
  14  0:25  SCV  
  15  0:46  SCV  
  16  0:58  SCV  
  16  1:04  Command Center  
  17  1:17  SCV, Barracks  
  18  1:27  Supply Depot  
  18  1:31  SCV  
  19  1:41  Refinery  
  19  1:44  Refinery  
  19  1:46  SCV  
  20  1:58  SCV  
  21  2:12  Orbital Command  
  21  2:14  Marine  
  23  2:24  Orbital Command  
  22  2:36  Factory  
Show
View Real Time Build Order
Export as new Build Order

Chocopie Protoss 

Build Orders: Cannon Rush 

Get SALT Encoding   

  12  0:00  Probe  
  13  0:13  Probe  
  14  0:18  Pylon  
  14  0:25  Probe  
  15  0:36  Forge  
  15  0:40  Probe  
  16  0:54  Probe  
  17  1:08  Pylon  
  17  1:10  Probe  
  18  1:30  Photon Cannon  
  18  1:37  Photon Cannon  
  18  1:41  Photon Cannon  
  18  1:42  Photon Cannon  
  18  1:56  Gateway  
  17  2:05  Assimilator  
  17  2:06  Probe (Chrono Boost), Assimilator  
  18  2:15  Probe (Chrono Boost)  
  19  2:27  Probe  
Tags
 
Add a new tag
Caveats
  • Supply blocks, unpowered buildings, or Contaminate may cause inaccurate times.
  • Supply counts are checked every 10 seconds.